 Dungeon Crawl Stone Soup version 0.30.1-11-g7821555f0a (webtiles) character file.

Game seed: 6691121699957906421

154 jagang the Slasher (level 5, 0/42 HPs)
             Began as a Human Monk on Jan 12, 2024.
             Slain by a scorpion (3 damage)
             ... on level 4 of the Dungeon.
             The game lasted 00:04:13 (2040 turns).

jagang the Slasher (Human Monk)                     Turns: 2040, Time: 00:04:14

Health: 0/42       AC:  6    Str: 11    XL:     5   Next: 63%
Magic:  5/5        EV:  9    Int: 11    God:
Gold:   125        SH:  0    Dex: 17    Spells: 4/4 levels left

rFire   + . .        a - +0 falchion
rCold   + . .        d - orb {light}
rNeg    . . .        f - +0 scale mail
rPois   .            (no helmet)
rElec   .            m - scarf {rC+ rF+}
rCorr   .            (no gloves)
SInv    .            (no boots)
Will    .....        (no amulet) Stlth
                     (no ring)
HPRegen 0.27/turn    (no ring)
MPRegen 0.09/turn

%: no passive effects
@: lethally poisoned (0 -> -3), glowing
A: no striking features
a: no special abilities


You were on level 4 of the Dungeon.
You visited 1 branch of the dungeon, and saw 4 of its levels.

You collected 125 gold pieces.

Inventory:

Hand Weapons
 a - a +0 falchion (weapon)
Missiles
 b - 13 poisoned darts (quivered)
 n - 3 curare-tipped darts
Armour
 d - an orb of light (worn)
 f - a +0 scale mail (worn)
 m - a scarf of resistance (worn)
Jewellery
 l - a +6 ring of intelligence
Scrolls
 e - a scroll of identify {unknown}
 g - a scroll of brand weapon {unknown}
 k - a scroll of teleportation {unknown}
 o - a scroll of noise {unknown}
 q - a scroll of magic mapping {unknown}
 r - a scroll of poison {unknown}
Potions
 c - a potion of ambrosia
 h - 2 potions of might {unknown}
 i - 2 potions of haste {unknown}
 j - 2 potions of resistance {unknown}
 p - a potion of lignification {unknown}
 s - a potion of flight {unknown}


   Skills:
 * Level 4.1 Fighting
 * Level 4.2 Long Blades
 + Level 1.6 Armour
 - Level 3.0 Dodging
 + Level 1.8 Shields


You had 4 spell levels left.
You didn't know any spells.
Your spell library contained the following spells:

 Spells                   Type           Power      Damage    Failure   Level
 Inner Flame              Hex/Fire       0%         N/A       99%         3
 Flame Wave               Conj/Fire      0%         2d4       100%        4
 Sticky Flame             Conj/Fire      0%         2d3       100%        4


Dungeon Overview and Level Annotations

Branches:
Dungeon (4/15)
 Temple: D:4-7

Altars:
Elyvilon
Xom


Message History

You hit the scorpion but do no damage.
You feel very sick.
The scorpion stings you but does no damage.
The hobgoblin hits you.
You hit the scorpion but do no damage.
You feel very sick. The scorpion stings you.
You are more poisoned.
The scorpion poisons you!
The hobgoblin hits you but does no damage.
You hit the scorpion but do no damage.
You feel very sick. The scorpion closely misses you.
The hobgoblin hits you but does no damage.
The scorpion stings you.
You are too injured to fight recklessly!
You are too injured to fight recklessly!
You hit the scorpion but do no damage.
You feel very sick.
The scorpion stings you but does no damage.
The hobgoblin hits you.
* * * LOW HITPOINT WARNING * * *
You hit the scorpion but do no damage.
You feel sick. The scorpion stings you.
* * * LOW HITPOINT WARNING * * *
The hobgoblin hits you but does no damage.
You hit the scorpion.
The scorpion is lightly wounded.
* * * LOW HITPOINT WARNING * * *
You feel sick.
The scorpion stings you but does no damage.
The hobgoblin hits you but does no damage.
The scorpion closely misses you.
You hit the scorpion but do no damage.
You feel sick.
The hobgoblin hits you but does no damage.
The scorpion stings you.
* * * LOW HITPOINT WARNING * * *
You hit the scorpion but do no damage.
* * * LOW HITPOINT WARNING * * *
You feel sick. The hobgoblin barely misses you. The scorpion stings you.
You die...

....... ......
..... #...# #...#
#...# #?sg#
#####..@#
........###
.##.......#
........#..#######
#........#.......#.
...#....###........
#........#..####..#
#.#....#...#
#..........##.


You could see a scorpion and a hobgoblin.

Vanquished Creatures
  An orc priest (D:2)
  3 gnolls (D:3)
  4 adders
  A worm (D:2)
  3 dart slugs
  2 orcs (D:3)
  2 bats
  3 endoplasms
  2 giant cockroaches
  3 goblins
  4 hobgoblins
  4 jackals (D:2)
  6 kobolds
  2 quokkas
  5 ball pythons
  A frilled lizard (D:2)
  7 rats
53 creatures vanquished.

Notes
Turn   | Place    | Note
-------+----------+-------------------------------------------
     0 | D:1      | jagang the Human Monk began the quest for the Orb.
     0 | D:1      | Reached XP level 1. HP: 18/18 MP: 1/1
    86 | D:1      | Reached XP level 2. HP: 14/24 MP: 2/2
   602 | D:2      | Reached XP level 3. HP: 25/29 MP: 3/3
   643 | D:2      | Reached skill level 1 in Shields
   742 | D:2      | Reached skill level 1 in Armour
   828 | D:2      | Reached XP level 4. HP: 34/35 MP: 4/4
  1346 | D:3      | Reached XP level 5. HP: 31/42 MP: 5/5
  1650 | D:3      | Found a white marble altar of Elyvilon.
  1689 | D:3      | Found a shimmering altar of Xom.
  2040 | D:4      | Slain by a scorpion

Illustrated notes

Levels and vault maps discovered:
D:1:      dpeg_arrival_simpleton_b, layout_basic
D:2:      layout_rooms
D:3:      layout_basic, lemuel_coloured_pillars_altar, tgw_xom
D:4:      layout_loops_cross, vehumet_statue, minmay_temple_entry_water_ring,
          uniq_sigmund

Skill      XL: |  1  2  3  4  5 |
---------------+----------------+-----
Shields        | 1 |  1.8
Armour         | 1 |  1.6
Long Blades    | 4 |  4.2
Fighting       | 4 |  4.1
Dodging        | |  3.0

Action                     |  1- 3 |  4- 6 || total
---------------------------+-------+-------++-------
  Melee: Falchion          |    65 |    92 ||   157
  Throw: Dart              |       |     1 ||     1
 Armour: Scale mail        |    26 |    36 ||    62
  Dodge: Dodged            |    26 |    48 ||    74
